 Dungeon Crawl Stone Soup version 0.18-a0-912-g81d1dc4 (webtiles) character file.

193 filipzpl the Skirmisher (level 5, -2/35 HPs)
             Began as a Gargoyle Berserker on Dec 25, 2015.
             Was a Priest of Trog.
             Slain by an orc
             ... wielding a +0 trident
              (7 damage)
             ... on level 4 of the Dungeon.
             The game lasted 00:08:39 (2292 turns).

filipzpl the Skirmisher (Gargoyle Berserker)        Turns: 2292, Time: 00:08:39

Health: -2/35      AC:  9    Str: 26    XL:     5   Next: 72%
Magic:  5/5        EV: 12    Int:  7    God:    Trog [***...]
Gold:   261        SH:  0    Dex:  9    Spells: 0 memorised, 4 levels left

rFire  . . .     SeeInvis .     r - +0 flail
rCold  . . .     Gourm    +     b - +0 animal skin
rNeg   + . .     Faith    .     (no shield)
rPois  ∞         Spirit   .     (no helmet)
rElec  +         Dismiss  .     (no cloak)
rCorr  .         Reflect  .     n - +2 pair of gloves
SustAt .         Harm     .     (no boots)
MR     .....                    o - amulet of the gourmand
Stlth  +.........               (no ring)
                                m - +4 ring of strength

@: not resistant to hostile enchantments, very unstealthy
A: negative energy resistance 1, electricity resistance, unbreathing,
petrification resistance, rot immunity, AC +4
a: Berserk, Trog's Hand, Burn Spellbooks, Renounce Religion


You were on level 4 of the Dungeon.
You worshipped Trog.
Trog was most pleased with you.
You were not hungry.

You visited 1 branch of the dungeon, and saw 4 of its levels.

You collected 261 gold pieces.

Inventory:

Hand Weapons
 r - a +0 flail (weapon)
Armour
 b - a +0 animal skin (worn)
 n - a +2 pair of gloves (worn)
Jewellery
 m - a +4 ring of strength (left hand)
 o - an amulet of the gourmand (around neck)
Wands
 a - a wand of disintegration (6/24)
 j - a wand of paralysis (2/24)
Scrolls
 f - a scroll of identify
 g - a scroll of remove curse
 k - a scroll of amnesia {unknown}
Potions
 e - a potion of agility {unknown}
 h - 2 potions of invisibility {unknown}
 i - a potion of lignification {unknown}
 p - a potion of flight {unknown}
 s - a potion of curing {unknown}
Comestibles
 c - 2 bread rations
 d - 2 fruits
 l - a meat ration


   Skills:
 * Level 5.3 Fighting
 * Level 4.8 Maces & Flails
 - Level 2.1 Armour
 - Level 1.5 Dodging


You had 4 spell levels left.
You didn't know any spells.

Dungeon Overview and Level Annotations

Branches:
Dungeon (4/15)
 Temple: D:4-7

Altars:
Gozag
Xom

Shops:
D:3 *   D:4 %


Innate Abilities, Weirdness & Mutations

You are resistant to torment.
Your stone body is resilient (AC +4).
You are immune to poison.
You resist negative energy.
You are resistant to electric shocks.
You can survive without breathing.
You are immune to petrification.
You are immune to rotting.


Message History

Something hits you.
You closely miss something.
The orc hits you from afar with a trident.
Something hits you but does no damage.
The orc hits you from afar with a trident.
You barely miss something. Something hits you but does no damage.
The orc hits you but does no damage. Something hits you but does no damage.
You miss something. Something hits you but does no damage.
The orc hits you but does no damage.
You closely miss something. Something hits you but does no damage.
The orc closely misses you.
You barely miss something.
You hear some strange, mumbled words.
A puff of flame appears from out of thin air!
The puff of flame hits you!
* * * LOW HITPOINT WARNING * * *
The orc hits you but does no damage.
You closely miss something. Something hits you but does no damage.
The orc hits you from afar with a trident!
You die...

...##..........
#............
...##..........
#............
.#..##..?.....#
#............
.##..#........#
##............
..##..#...(...#
##.............
..###..########
##..............
.## #...##
##.#...........>.
## ##...##
##.###............
# ##...## ##@##
#...........#
##o..####.##
#...........#
##...##o##
##.........##
##...o##
#.........# #....#
##.......##
#.....# ##.....##
#...#..# ##..###
.....#.(# ####
...#.....#


You could see 2 orcs.

Vanquished Creatures
  A phantom (D:3)
  3 adders
  2 oozes
  A worm (D:4)
  An adder skeleton (D:4)
  2 giant geckos
  3 orcs (D:4)
  A ball python (D:3)
  11 bats
  5 giant cockroaches
  6 goblins
  7 hobgoblins
  3 quokkas
  3 giant newts
  4 kobolds
  12 rats
65 creatures vanquished.

Notes
Turn   | Place    | Note
--------------------------------------------------------------
     0 | D:1      | filipzpl the Gargoyle Berserker began the quest for the Orb.
     0 | D:1      | Reached XP level 1. HP: 14/14 MP: 1/1
   257 | D:1      | Reached XP level 2. HP: 17/20 MP: 2/2
   808 | D:2      | Reached XP level 3. HP: 21/24 MP: 3/3
   856 | D:2      | Reached ** piety under Trog
   856 | D:2      | Reached skill level 4 in Fighting
   934 | D:2      | Found a shimmering altar of Xom.
  1269 | D:2      | Reached XP level 4. HP: 16/30 MP: 4/4
  1604 | D:3      | Found Gozag's Platinum Reserve.
  1619 | D:3      | Found an opulent altar of Gozag.
  1762 | D:3      | Reached *** piety under Trog
  1931 | D:3      | Noticed a phantom
  1955 | D:3      | Killed a phantom
  1955 | D:3      | Reached skill level 5 in Fighting
  1955 | D:3      | Reached XP level 5. HP: 23/35 MP: 5/5
  2190 | D:4      | Found Sukhisiq's Food Shop.
  2292 | D:4      | Slain by an orc

Vault maps used:
D:1:      dpeg_arrival_orchard, grunt_decor_arrowhead, minmay_rat_gold_closets
D:2:      lemuel_crystal_altar
D:3:      nicolae_gozag_zags_fifth_avenue
D:4:      first_bread, serial_shops, shop

Action                   |  1- 3 |  4- 6 || total
-------------------------+-------+-------++-------
Melee: Mace              |   138 |    31 ||   169
       Flail             |       |    67 ||    67
  Use: Scroll            |       |     9 ||     9
  Eat: Meat ration       |       |     1 ||     1
